 Dungeon Crawl Stone Soup version 0.28-a0-1087-gf3fc490d9d (webtiles) character file.

Game seed: 404711207564570878

766 ducksouse the Poker (level 7, -4/91 HPs)
             Began as a Minotaur Fighter on Dec 11, 2021.
             Was a Priest of Fedhas.
             Killed by an exploding Edmund (6 damage)
             ... ignited by their inner flame
             ... on level 5 of the Dungeon.
             The game lasted 00:31:26 (6430 turns).

ducksouse the Poker (Minotaur Fighter)              Turns: 6430, Time: 00:31:34

Health: -4/91      AC: 23    Str: 21 (22) XL:     7   Next: 52%
Magic:  6/6        EV:  2    Int:  2 (5)  God:    Fedhas [***...]
Gold:   212        SH:  9    Dex:  8 (10) Spells: 6/6 levels left

rFire   . . .      SeeInvis .   a - +0 trident
rCold   . . .      Faith    .   c - +0 buckler
rNeg    + . .      Spirit   .   (armour currently unavailable)
rPois   +          Reflect  +   (helmet currently unavailable)
rElec   .          Harm     .   (cloak currently unavailable)
rCorr   .          Rampage  .   (gloves currently unavailable)
Will    .....      NoTele   +   (boots currently unavailable)
Stlth   +.........              x - amulet of reflection
HPRegen 0.25/turn               q - ring of positive energy
MPRegen 0.10/turn               m - ring of wizardry

@: mighty, tree-form
A: stationary, stasis, torment immunity, boosted hp, (horns 2), (retaliatory
headbutt)
a: Renounce Religion, Wall of Briars, Grow Ballistomycete


You were on level 5 of the Dungeon.
You worshipped Fedhas.
Fedhas was most pleased with you.
You were a tree.
You visited 2 branches of the dungeon, and saw 6 of its levels.

You collected 212 gold pieces.

Inventory:

Hand Weapons
 a - a +0 trident (weapon)
Missiles
 b - 4 atropa-tipped darts
Armour
 c - a +0 buckler (worn)
 f - a +0 chain mail (melded)
 y - a scarf of repulsion (melded)
 z - a +0 pair of boots (melded)
Jewellery
 m - a ring of wizardry (right branch)
 q - a ring of positive energy (left branch)
 w - a ring of positive energy
 x - an amulet of reflection (around neck)
Wands
 t - a wand of iceblast (3)
 A - a wand of polymorph (10) (quivered)
Scrolls
 i - 2 scrolls of blinking {unknown}
 j - a scroll of identify {unknown}
 o - a scroll of holy word
 p - a scroll of torment {unknown}
 r - a scroll of enchant armour {unknown}
 u - 2 scrolls of vulnerability {unknown}
Potions
 e - 2 potions of lignification
 h - a potion of degeneration
 l - a potion of mutation {unknown}
 n - 2 potions of magic
 s - 2 potions of haste {unknown}
 B - a potion of flight {unknown}
 C - a potion of attraction {unknown}


   Skills:
 + Level 5.6 Fighting
 + Level 6.5 Polearms
 + Level 6.2 Armour
 + Level 1.3 Dodging
 + Level 0.5 Stealth
 + Level 5.1 Shields


You had 6 spell levels left.
You didn't know any spells.
Your spell library contained the following spells:

 Spells                   Type           Power      Damage    Failure   Level
 Beastly Appendage        Tmut           0%         N/A       26%         1
 Wereblood                Tmut           0%         N/A       36%         2
 Spider Form              Tmut/Pois      0%         N/A       58%         3


Dungeon Overview and Level Annotations

Branches:
Dungeon (5/15)             Temple (1/1) D:4

Altars:
Cheibriados
Elyvilon
Fedhas
Gozag
Kikubaaqudgha
Nemelex Xobeh
Okawaru
Qazlal
Ru
Sif Muna
Uskayaw
Vehumet
Xom
Yredelemnul
Zin
The Shining One

Shops:
D:3 *


Innate Abilities, Weirdness & Mutations

You are a tree.
Your roots penetrate the ground, keeping you stationary.
You cannot be teleported.
You are immune to unholy pain and torment.
Your maximum health is greatly increased.
Your equipment is partially melded.
((You have a pair of horns on your head.))
((You reflexively headbutt those who attack you in melee.))


Message History

You block the hound's attack.
You completely miss Edmund. You headbutt Edmund.
Edmund is severely wounded.
The hound closely misses you. Edmund hits you but does no damage.
You hit Edmund but do no damage.
Edmund is severely wounded.
The hound bites you.
Edmund hits you with a +0 flail of protection!
* * * LOW HITPOINT WARNING * * *
You feel better. The hound bites you. You block the hound's attack.
Edmund barely misses you.
Really read the scroll of immolation?
Uppercase [Y]es or [N]o only, please.
Really read the scroll of immolation?
As you read the scroll of immolation, it crumbles to dust.
The creatures around you are filled with an inner flame!
The hound bites you but does no damage.
Edmund says, "Everyone always remembers my brother. 'Who's Edmund?' they ask!"
Edmund hits you with a +0 flail of protection.
* * * LOW HITPOINT WARNING * * *
It was a potion of lignification.
You turn into a tree.
Your scarf of repulsion melds into your body.
Your +0 pair of boots melds into your body.
Your +0 chain mail melds into your body.
The haze of the repulsion field disappears.
Your roots penetrate the ground.
The hound bites you but does no damage. x2
Edmund hits you but does no damage.
You puncture the hound!
Fedhas appreciates your contribution to the ecosystem.
The hound explodes!
The fiery explosion engulfs Edmund!!
Fedhas appreciates your contribution to the ecosystem.
The fiery explosion engulfs you!!
* * * LOW HITPOINT WARNING * * *
The fiery explosion engulfs the orc!!
Fedhas appreciates your contribution to the ecosystem.
The orc explodes!
Edmund explodes!
The fiery explosion engulfs you.
You die...
Fedhas appreciates your contribution to the ecosystem.

#.........#
##.##..####
##.....#
#.>..#.#
#....#.#
#.....##
#......#
#......###
#...#.♣§.#
#####§§#....#
#§§§###...
#§#§.. ..
....#.#
.........
..........
......#....


There were no monsters in sight!

Vanquished Creatures
  Edmund (D:5)
  A hornet zombie (D:5)
  A necrophage (D:4)
  Blork the orc (D:4)
  A scorpion (D:4)
  2 jellies (D:4)
  An orc priest (D:4)
  2 hounds (D:5)
  Terence (D:2)
  Ijyb (D:3)
  A scorpion zombie (D:5)
  2 orc wizards (D:4)
  A howler monkey zombie (D:4)
  8 gnolls
  2 adders (D:4)
  2 dart slugs
  8 orcs
  5 ball pythons
  8 endoplasms
  4 giant cockroaches
  8 goblins
  8 hobgoblins
  5 jackals
  6 quokkas
  5 bats
  2 frilled lizards
  6 kobolds
  2 rats (D:1)
95 creatures vanquished.

Vanquished Creatures (others)
  An orc priest (D:4)
1 creature vanquished.

Grand Total: 96 creatures vanquished

Notes
Turn   | Place    | Note
-------+----------+-------------------------------------------
     0 | D:1      | ducksouse the Minotaur Fighter began the quest for the Orb.
     0 | D:1      | Reached XP level 1. HP: 19/19 MP: 0/0
   387 | D:1      | Reached XP level 2. HP: 27/27 MP: 1/1
   902 | D:1      | Found a faded altar of an unknown god.
   961 | D:1      | Prayed at the altar of an unknown god.
   961 | D:1      | Became a worshipper of Fedhas Madash
   961 | D:1      | Reached * piety under Fedhas
  1853 | D:2      | Reached XP level 3. HP: 33/33 MP: 2/2
  1979 | D:2      | Found a sacrificial altar of Ru.
  2075 | D:2      | Noticed Terence
  2079 | D:2      | Killed Terence
  2643 | D:3      | Found an opulent altar of Gozag.
  2708 | D:3      | Noticed Ijyb
  2717 | D:3      | Reached XP level 4. HP: 34/41 MP: 3/3
  2727 | D:3      | Killed Ijyb
  2734 | D:3      | Found Gozag's Platinum Reserve.
  2961 | D:3      | Reached ** piety under Fedhas
  3748 | D:4      | Reached XP level 5. HP: 47/47 MP: 4/4
  3929 | D:4      | Found a staircase to the Ecumenical Temple.
  3943 | Temple   | Entered the Ecumenical Temple
  4600 | D:4      | Found a shimmering altar of Xom.
  4600 | D:4      | Noticed a necrophage
  4655 | D:5      | Entered Level 5 of the Dungeon
  4665 | D:4      | Killed a necrophage
  4666 | D:4      | Reached skill level 5 in Armour
  4670 | D:4      | Reached XP level 6. HP: 32/55 MP: 5/5
  5004 | D:4      | Reached skill level 5 in Polearms
  5018 | D:4      | Reached skill level 5 in Fighting
  5305 | D:4      | Reached *** piety under Fedhas
  5615 | D:4      | Reached skill level 1 in Dodging
  5637 | D:4      | Noticed Blork the orc
  5642 | D:4      | Reached XP level 7. HP: 56/61 MP: 6/6
  5657 | D:4      | Killed Blork the orc
  5658 | D:4      | Reached skill level 5 in Shields
  6393 | D:5      | Noticed Edmund
  6430 | D:5      | Killed Edmund
  6430 | D:5      | HP: 2/91 [spore (20)]
  6430 | D:5      | Killed by an exploding Edmund... ignited by their inner
                  | flame

Illustrated notes

Levels and vault maps discovered:
D:1:      tarquinn_simple_flora_water_f, layout_basic,
          hellmonk_ecumenical_altar_inner_sanctum, interstate_on_off
D:2:      layout_loops_corners, basic_altar, corner_web_ring,
          kennysheep_generic_room_7, uniq_terence
D:3:      layout_loops_corners, nicolae_gozag_zags_fifth_avenue, uniq_ijyb
D:4:      layout_basic, xom_confusion_cloud, minmay_temple_entry_ruins,
          minmay_quantized, uniq_blork_the_orc
D:5:      layout_rooms, grunt_temple_overflow_open, uniq_sigmund, uniq_edmund
Temple:   hc_temple_tempest_star

Skill      XL: |  1  2  3  4  5  6  7 |
---------------+----------------------+-----
Fighting       | 4 5 |  5.6
Shields        | 4 5 |  5.1
Armour         | 4 5 6 |  6.2
Polearms       | 3 4 5 6 |  6.5
Dodging        | 1 |  1.3
Stealth        | |  0.5

Action                   |  1- 3 |  4- 6 |  7- 9 || total
-------------------------+-------+-------+-------++-------
Melee: Trident           |    86 |   149 |    74 ||   309
       Headbutt          |     9 |    19 |    15 ||    43
  Use: Scroll            |       |     1 |     2 ||     3
       Potion            |       |     2 |     8 ||    10
Armor: Chain mail        |    56 |    53 |    34 ||   143
       Scale mail        |     1 |       |       ||     1
       Skin              |       |       |     3 ||     3
Dodge: Dodged            |    24 |    50 |    26 ||   100
       Repelled          |       |       |     1 ||     1
Block: Buckler           |    16 |    49 |    46 ||   111
       Reflection        |       |     1 |       ||     1

Table legend: (Time is in decaauts)
 A = Elapsed time spent in this place.
 B = Non-inter-level travel time spent in this place.
 C = Inter-level travel time spent in this place.
 D = Time resting spent in this place.
 E = Time spent auto-exploring this place.
 F = Levels seen in this place.
 G = Mean time per level.
                   A        B        C        D        E       F      G
               +--------+--------+--------+--------+--------+-----+--------+
         Total |   6456 |   6456 |      0 |    775 |   2029 |   6 | 1076.0 |
       Dungeon |   5838 |   5838 |      0 |    775 |   2029 |   5 | 1167.6 |
        Temple |    617 |    617 |      0 |      0 |      0 |   1 |  617.0 |
               +--------+--------+--------+--------+--------+-----+--------+

Top non-repeatable levels by time:
     D:4: 1843 daAuts
     D:2: 1327 daAuts
     D:1: 1313 daAuts
     D:3: 1116 daAuts
  Temple: 617 daAuts
     D:5: 237 daAuts
